 Dungeon Crawl Stone Soup version 0.25.1-1-g288607f5aa (webtiles) character file.

Game seed: 8956812990675039540

162178 Superazbuka the Warrior (level 17, -9/156 HPs)
             Began as a Green Draconian Skald on July 22, 2020.
             Was the Champion of Okawaru.
             Killed from afar by a ghostly deep elf death mage (39 damage)
             ... with a bolt of negative energy
             ... on level 3 of the Elven Halls.
             The game lasted 02:07:28 (45232 turns).

Superazbuka the Warrior (Green Draconian Skald)    Turns: 45232, Time: 02:07:29

Health: -9/156     AC: 19    Str: 30    XL:     17   Next: 21%
Magic:  28/30      EV: 17    Int: 13    God:    Okawaru [******]
Gold:   1433       SH: 19    Dex: 13    Spells: 15/34 levels left

rFire    + . .     SeeInvis +   b - +9 broad axe (drain)
rCold    . . .     Gourm    .   E - +0 kite shield of True Grit {rF+ Dex+2 Stlth+}
rNeg     . . .     Faith    .   (armour unavailable)
rPois    +         Spirit   .   a - +0 mask of the Dragon {MR+ Slay+3 SInv}
rElec    .         Reflect  +   L - +0 cloak
rCorr    .         Harm     .   X - +2 pair of gloves {Str+3}
MR       ++...                  y - +1 pair of boots {Fly}
Stlth    ++........             n - amulet of reflection
HPRegen  0.36/turn              m - +4 ring of protection
MPRegen  0.22/turn              T - +6 ring of strength

@: about to teleport, short of breath, infused, flying, heavily drained
A: breathe noxious fumes, unfitting armour, stinger 1, poison resistance,
cold-blooded, AC +9
a: Breathe Noxious Fumes, Heroism, Finesse, Renounce Religion, Stop Flying


You were on level 3 of the Elven Halls.
You worshipped Okawaru.
Okawaru was exalted by your worship.
You were very hungry.

You visited 5 branches of the dungeon, and saw 27 of its levels.

You collected 3378 gold pieces.
You spent 1945 gold pieces at shops.

Inventory:

Hand Weapons
 b - a +9 broad axe of draining (weapon)
 J - a +2 morningstar of protection
 P - a +3 vorpal broad axe
Armour
 a - the +0 mask of the Dragon (worn) {MR+ Slay+3 SInv}
   (You bought it in a shop on level 2 of the Orcish Mines)

   It affects your accuracy and damage with ranged weapons and melee attacks
   (+3).
   It affects your resistance to hostile enchantments.
   It lets you see invisible.
 u - a +0 pair of boots
 y - a +1 pair of boots of flying (worn)
 E - the +0 kite shield of True Grit (worn) {rF+ Dex+2 Stlth+}
   (Okawaru gifted it to you on level 1 of the Lair of Beasts)

   It affects your dexterity (+2).
   It protects you from fire.
   It makes you more stealthy.
 L - a +0 cloak (worn)
 X - a +2 pair of gloves of strength (worn)
Jewellery
 f - an uncursed ring of resist corrosion
 m - a +4 ring of protection (left hand)
 n - an amulet of reflection (around neck)
 o - an uncursed ring of protection from fire
 v - an uncursed ring of flight {unknown}
 F - a cursed -4 ring of intelligence {unknown}
 H - an uncursed amulet of faith {unknown}
 I - an uncursed amulet of magic regeneration
 S - a +6 ring of strength
 T - a +6 ring of strength (right hand)
 U - a +4 ring of protection
 Z - an uncursed ring of wizardry {unknown}
Wands
 z - a wand of paralysis (10)
 G - a wand of clouds (19)
 M - a wand of iceblast (13)
 N - a wand of flame (31)
 R - a wand of acid (13)
 V - a wand of digging (6)
Scrolls
 e - 12 scrolls of remove curse
 g - a scroll of summoning
 i - 4 scrolls of amnesia
 k - 11 scrolls of teleportation
 l - a scroll of blinking
 q - 3 scrolls of magic mapping
 r - a scroll of holy word
 t - 2 scrolls of vulnerability
 A - 5 scrolls of enchant armour
 D - 3 scrolls of fog
 K - 4 scrolls of fear
Potions
 d - 3 potions of stabbing
 h - 4 potions of might
 j - 2 potions of haste
 p - 3 potions of magic
 s - a potion of berserk rage
 w - a potion of lignification
 x - 4 potions of flight
 B - 2 potions of ambrosia
 C - 3 potions of resistance
 O - a potion of invisibility
 Q - a potion of brilliance
 W - 10 potions of curing
Comestibles
 c - 31 rations


   Skills:
 + Level 15.5(13.7) Fighting
 + Level 13.2(12.0) Axes
 - Level 6.2(9.1) Maces & Flails
 - Level 10.7(9.1) Dodging
 + Level 13.9(12.2) Shields
 + Level 9.0(7.4) Spellcasting
 - Level 8.7(7.1) Charms
 + Level 7.4(5.9) Transmutations
 + Level 7.4(5.9) Earth Magic


You had 15 spell levels left.
You knew the following spells:

 Your Spells              Type           Power        Failure   Level  Hunger
a - Infusion              Chrm           ###.         1%          1    None
b - Song of Slaying       Chrm           ###.....     1%          2    #......
c - Shroud of Golubria    Chrm/Tloc      ##....       7%          2    #......
d - Ozocubu's Armour      Chrm/Ice       ##......     14%         3    ##.....
e - Swiftness             Chrm/Air       ##......     7%          2    #......
f - Spectral Weapon       Hex/Chrm       ##......     14%         3    ##.....
g - Statue Form           Tmut/Erth      ###......    95%         6    #######

Your spell library contained the following spells:

 Spells                   Type           Power        Failure   Level  Hunger
 Stone Arrow              Conj/Erth      ##....       19%         3    ##.....
 Animate Skeleton         Necr           N/A          21%         1    None
 Corona                   Hex            #......      21%         1    None
 Freeze                   Ice            #...         21%         1    None
 Pain                     Necr           #...         21%         1    None
 Corpse Rot               Necr/Air       N/A          30%         2    #......
 Ensorcelled Hibernation  Hex/Ice        #.....       30%         2    #......
 Sublimation of Blood     Necr           #.........   30%         2    #......
 Confusing Touch          Hex            #.......     52%         3    ##.....
 Dazzling Flash           Conj/Hex       #.....       52%         3    ##.....
 Frozen Ramparts          Ice            #.....       52%         3    ##.....
 Tukima's Dance           Hex            #.......     52%         3    ##.....
 Vampiric Draining        Necr           #.........   52%         3    ##.....
 Excruciating Wounds      Chrm/Necr      ##........   78%         5    ######.
 Iskenderun's Battlesphe  Conj/Chrm      ##......     78%         5    ######.
 Animate Dead             Necr           N/A          90%         4    ####...
 Dispel Undead            Necr           #.......     90%         4    ####...
 Hailstorm                Conj/Ice       #.......     90%         4    ####...
 Summon Ice Beast         Ice/Summ       #.......     90%         4    ####...
 Agony                    Necr           #.......     99%         5    ######.
 Freezing Cloud           Conj/Ice/Air   #.........   100%        6    #######
 Shatter                  Erth           ###.......   100%        9    #######


Dungeon Overview and Level Annotations

Branches:
Dungeon (15/15)            Temple (1/1) D:4            Lair (6/6) D:10
 Shoals (0/4) Lair:2       Spider (0/4) Lair:4        Slime (0/5) Lair:5
    Orc (2/2) D:11            Elf (3/3) Orc:2        Vaults (0/5) D:13
 Depths (0/5) D:15

Altars:
Ashenzari
Cheibriados
Dithmenos
Elyvilon
Fedhas
Gozag
Hepliaklqana
Kikubaaqudgha
Makhleb
Nemelex Xobeh
Okawaru
Qazlal
Ru
Sif Muna
Trog
Uskayaw
Vehumet
Wu Jian
Xom
Yredelemnul
Zin
The Shining One
Beogh

Shops:
D:4 %   D:11 (**   Orc:2 (*[!(   Elf:1 [=   Elf:2 (*:%}

Portals:
Trove: D:13 (give 8 potions of haste)

Annotations:
D:12 exclusion: downstairs
Lair:4 exclusion: 4 oklob plants
Lair:5 exclusion: oklob plant
Orc:2 2 transporters, raith's ghost, journeyman DsFi


Innate Abilities, Weirdness & Mutations

You can breathe blasts of noxious fumes.
Your lurid green scales are hard. (AC +9)
You cannot fit into any form of body armour.
Your tail ends in a poisonous barb.
Your system is resistant to poisons. (rPois)
You are cold-blooded and may be slowed by cold attacks.


Message History

The deep elf death mage is engulfed in noxious fumes.
The deep elf death mage appears confused.
The deep elf death mage is engulfed in noxious fumes.
You block the deep elf death mage's attack.
Things that are here:
a +0 dagger; a +0 leather armour You hit the deep elf death mage.
The deep elf death mage is almost dead.
You slash the deep elf death mage!
The lost soul assumes the form of the deep elf death mage and becomes anchored to this world!
Your tail-slap misses the ghostly deep elf death mage.
The ghostly deep elf death mage barely misses you.
Okay, then.
As you read the scroll of teleportation, it crumbles to dust.
You feel strangely unstable.
The ghostly deep elf death mage closely misses you.
You closely miss the ghostly deep elf death mage.
The ghostly deep elf death mage casts a spell at you.
The bolt of negative energy hits you!!!
You feel drained.
You die...

'# #.#.#..# .# #)#(#..# .#
#.#(#..# .# #.#(#).# '##
##.....# ..## ##### #(..#.#
...## ##...###x.## # ##### ....#
##.....#e)#.## ##...###
....####......))@##.#####.)....#
....').'.....*.)..*))()..).....#
...#####)......######.###......#
..#'## ##.....## #####.##'...###
'###.## ##...## ##......'#####
.# ##'###.#### ##.......## .#
###...### #.........# .#
#.......#####...).....# .#
#.......'...+.........#


You could see a ghostly deep elf death mage (drained), 2 lost souls and a
crawling corpse.

Vanquished Creatures
  Rupert (D:12)
  2 deep elf blademasters (Elf:3)
  A deep elf master archer (Elf:3)
  Gastronok (Lair:1)
  Kirke (D:15)
  A fire giant (D:12)
  4 deep elf elementalists
  3 deep elf demonologists
  Nessos (D:15)
  A dire elephant (D:15)
  5 deep elf annihilators
  4 deep elf death magi
  2 ettins (D:12)
  A deep elf high priest (Elf:3)
  A vault guard (D:13)
  5 hydras
  2 catoblepae
  An alligator (Lair:6)
  Erica (Lair:2)
  4 centaur warriors
  6 two-headed ogres
  19 dancing weapons
  4 orc high priests (Orc:2)
  15 deep elf knights
  A skeletal warrior (D:13)
  3 unseen horrors
  7 deep elf archers
  3 orc knights
  A lindwurm (shapeshifter) (D:12)
  A wolf spider zombie (D:15)
  A harpy (shapeshifter) (D:15)
  5 orc sorcerers
  2 cyclopes (D:14)
  2 wolf spiders
  A manticore (D:15)
  49 deep elf magi
  13 ugly things
  10 elephants
  13 black mambas
  A guardian serpent (Lair:6)
  10 spiny frogs
  3 gargoyles
  3 centaur skeletons
  Maggie (D:7)
  3 rime drakes
  A komodo dragon (Lair:2)
  2 tengu conjurers (D:14)
  5 trolls
  2 jumping spiders (Lair:4)
  11 polar bears
  5 hornets
  Prince Ribbit (D:7)
  A meliai (shapeshifter) (Elf:3)
  7 dream sheep
  9 blink frogs
  A meliai zombie (D:14)
  A wolf spider simulacrum (D:14)
  A raiju (shapeshifter) (D:14)
  3 hippogriffs
  3 air elementals
  2 shadows
  Sigmund (D:2)
  4 redbacks
  A spriggan (D:8)
  A wraith (D:11)
  11 wyverns
  2 water elementals
  34 yaks
  Grum (Lair:1)
  A vampire (D:12)
  3 fire elementals
  16 humans
  6 basilisks
  A hog (D:15)
  4 vampire mosquitoes (D:14)
  5 wargs
  2 hungry ghosts
  Edmund (D:5)
  24 porcupines
  15 water moccasins
  17 hell hounds (Lair:6)
  8 sky beasts
  2 ice beasts
  A hornet zombie (D:14)
  26 orc warriors
  12 black bears
  3 necrophages
  18 ogres
  A phantom (D:12)
  25 wolves
  An eye of draining (D:11)
  9 centaurs
  18 crocodiles
  3 big kobolds
  3 earth elementals
  16 bullfrogs
  3 scorpions
  14 killer bees
  15 wights
  3 howler monkeys
  6 centaur zombies
  6 crimson imps
  2 bullfrog zombies
  2 quasits
  27 orc priests
  8 hounds
  20 jellies
  3 bullfrog skeletons
  34 orc wizards
  3 iguanas
  10 worker ants
  A hound skeleton (D:7)
  2 worker ant zombies
  Robin (D:3)
  11 adders
  7 shadow imps
  5 oozes
  An adder skeleton (D:7)
  An adder zombie (D:7)
  3 worms
  3 dart slugs
  5 leopard geckos
  90 orcs
  4 ball pythons
  8 bats
  6 giant cockroaches
  20 goblins
  3 hobgoblins
  10 jackals
  26 kobolds
  4 quokkas
  6 frilled lizards
  A giant cockroach zombie (D:5)
  A jackal skeleton (D:5)
  A jackal zombie (D:6)
  A leopard gecko zombie (D:5)
  4 quokka zombies
  6 rats
  A crawling corpse (Elf:3)
  3 fungi
  7 plants
968 creatures vanquished.

Vanquished Creatures (others)
  A deep elf knight (Elf:2)
  2 humans (D:15)
  A kobold (D:12)
  11 fungi
  21 plants
  19 spectral weapons
55 creatures vanquished.

Grand Total: 1023 creatures vanquished

Notes
Turn   | Place    | Note
-------+----------+-------------------------------------------
     0 | D:1      | Superazbuka the Draconian Skald began the quest for the
                  | Orb.
     0 | D:1      | Reached XP level 1. HP: 17/17 MP: 3/3
   109 | D:1      | Reached XP level 2. HP: 16/25 MP: 5/5
   986 | D:1      | Reached XP level 3. HP: 28/30 MP: 6/6
  1088 | D:1      | Learned a level 2 spell: Song of Slaying
  1091 | D:1      | Learned a level 2 spell: Shroud of Golubria
  1736 | D:2      | Reached XP level 4. HP: 35/37 MP: 3/7
  1785 | D:2      | Noticed Sigmund
  1802 | D:2      | Killed Sigmund
  1802 | D:2      | Reached skill level 3 in Fighting
  1802 | D:2      | Reached XP level 5. HP: 38/45 MP: 0/9
  1896 | D:2      | Found a basalt altar of Yredelemnul.
  2488 | D:3      | Reached XP level 6. HP: 39/51 MP: 10/10
  2798 | D:3      | Noticed Robin
  2829 | D:3      | Killed Robin
  3106 | D:4      | Found a hide-covered altar of Uskayaw.
  3225 | D:4      | Found a staircase to the Ecumenical Temple.
  3922 | Temple   | Entered the Ecumenical Temple
  4186 | Temple   | Became a worshipper of Warmaster Okawaru
  4319 | D:4      | Reached skill level 4 in Fighting
  4440 | D:4      | Your scales start taking on a lurid green colour.
  4440 | D:4      | Reached XP level 7. HP: 51/59 MP: 12/12
  4440 | D:4      | Gained mutation: Your system is resistant to poisons.
                  | (rPois) [Green Draconian growth]
  5012 | D:4      | Reached * piety under Okawaru
  5130 | D:4      | Learned a level 3 spell: Ozocubu's Armour
  5393 | D:4      | Found Xarch's Food Shoppe.
  5666 | D:5      | Entered Level 5 of the Dungeon
  5666 | D:5      | Noticed Edmund
  5684 | D:5      | Killed Edmund
  5874 | D:5      | Reached XP level 8. HP: 67/67 MP: 8/14
  5957 | D:5      | Reached skill level 5 in Fighting
  6274 | D:5      | Found a shadowy altar of Dithmenos.
  6275 | D:5      | Found a shattered altar of Ashenzari.
  6282 | D:5      | Found a burning altar of Makhleb.
  6743 | D:5      | Reached skill level 5 in Charms
  6835 | D:5      | Reached skill level 5 in Maces & Flails
  6904 | D:5      | Found a hazy altar of Hepliaklqana.
  7404 | D:6      | Found a sacrificial altar of Ru.
  7441 | D:6      | Reached skill level 5 in Dodging
  7453 | D:6      | Reached ** piety under Okawaru
  7752 | D:6      | Reached skill level 5 in Spellcasting
  7883 | D:6      | Identified the Tome of Benedictions
  7891 | D:6      | Learned a level 2 spell: Swiftness
  7995 | D:6      | Found a shimmering altar of Xom.
  8276 | D:7      | Reached skill level 6 in Fighting
  8405 | D:7      | Noticed Prince Ribbit
  8412 | D:7      | Reached XP level 9. HP: 61/75 MP: 13/16
  8443 | D:7      | Killed Prince Ribbit
  9059 | D:7      | Noticed Maggie
  9086 | D:7      | Killed Maggie
  9480 | D:8      | Reached *** piety under Okawaru
  9480 | D:8      | Reached skill level 7 in Fighting
  9485 | D:8      | Reached skill level 1 in Axes
  9740 | D:8      | Found a radiant altar of Vehumet.
 10745 | D:8      | Reached XP level 10. HP: 86/86 MP: 15/19
 10746 | D:8      | Found a sparkling altar of Nemelex Xobeh.
 10840 | D:9      | Found an ornate altar of the Wu Jian Council.
 11261 | D:9      | Reached **** piety under Okawaru
 11265 | D:9      | Found a glowing golden altar of the Shining One.
 12157 | D:10     | Entered Level 10 of the Dungeon
 12220 | D:10     | Reached skill level 8 in Fighting
 12553 | D:10     | HP: 4/88 [porcupine's spines (13)]
 12942 | D:10     | Found a staircase to the Lair.
 13259 | D:10     | Reached ***** piety under Okawaru
 13709 | D:10     | Noticed a two-headed ogre
 13718 | D:10     | Killed a two-headed ogre
 13718 | D:10     | Reached XP level 11. HP: 67/93 MP: 12/21
 14415 | Lair:1   | Entered Level 1 of the Lair of Beasts
 14567 | Lair:1   | HP: 4/93 [poisoned by a black mamba]
 14574 | Lair:1   | HP: 3/93 [poisoned by a black mamba]
 14581 | Lair:1   | HP: 3/93 [poisoned by a black mamba]
 14589 | Lair:1   | HP: 3/93 [poisoned by a black mamba]
 14972 | Lair:1   | Noticed Grum
 14991 | Lair:1   | Killed Grum
 15013 | Lair:1   | Reached skill level 9 in Fighting
 15013 | Lair:1   | Reached skill level 5 in Axes
 15016 | Lair:1   | Received a gift from Okawaru
 15017 | Lair:1   | Got a smoking kite shield {god gift}
 15023 | Lair:1   | Identified the +0 kite shield of True Grit {rF+ Dex+2
                  | Stlth+} (Okawaru gifted it to you on level 1 of the Lair of
                  | Beasts)
 15076 | Lair:1   | Noticed a five-headed hydra
 15091 | Lair:1   | Killed a five-headed hydra
 15091 | Lair:1   | Reached skill level 1 in Shields
 16257 | Lair:1   | Noticed Gastronok
 16286 | Lair:1   | Killed Gastronok
 17031 | D:11     | Noticed a two-headed ogre
 17049 | D:11     | Killed a two-headed ogre
 17049 | D:11     | Reached skill level 5 in Shields
 17100 | D:11     | Found a staircase to the Orcish Mines.
 17133 | D:11     | Reached skill level 10 in Fighting
 17480 | D:11     | Found Muth's Assorted Antiques.
 17524 | D:11     | Reached XP level 12. HP: 67/106 MP: 16/23
 17890 | D:11     | Noticed a two-headed ogre
 17903 | D:11     | Killed a two-headed ogre
 18250 | D:11     | Found Acizxoc's Antique Weapon Shop.
 18356 | D:11     | Noticed a two-headed ogre
 18364 | D:11     | Killed a two-headed ogre
 18374 | D:11     | Found Byhud's Assorted Antiques.
 18389 | D:11     | Bought a scroll of blinking for 232 gold pieces
 18389 | D:11     | Bought a scintillating bone ring for 155 gold pieces
 18389 | D:11     | Identified the ring "Cumim" {+Fly Int+4} (You bought it in
                  | a shop on level 11 of the Dungeon)
 18961 | D:12     | Noticed a catoblepas
 18964 | D:12     | Noticed an ettin
 19536 | D:12     | HP: 3/108 [something (4)]
 19930 | Orc:1    | Entered Level 1 of the Orcish Mines
 20625 | Orc:2    | Entered Level 2 of the Orcish Mines
 20628 | Orc:2    | Noticed raith's ghost (journeyman DsFi)
 20737 | Lair:2   | Noticed Erica
 20745 | Lair:2   | Killed Erica
 20745 | Lair:2   | Received a gift from Okawaru
 20745 | Lair:2   | Reached skill level 11 in Fighting
 20855 | Lair:2   | Found a staircase to the Shoals.
 21367 | Lair:2   | Reached ****** piety under Okawaru
 21529 | Lair:2   | Learned a level 3 spell: Spectral Weapon
 21681 | Lair:2   | Reached XP level 13. HP: 104/116 MP: 19/24
 22463 | Lair:3   | Reached skill level 10 in Shields
 23956 | Lair:4   | Found a hole to the Spider Nest.
 24301 | Lair:4   | Received a gift from Okawaru
 24631 | Lair:4   | Reached skill level 12 in Fighting
 25510 | Lair:5   | Found the +9 scales of the Dragon King {rPois rF+ rC+ MR+}
 25964 | Lair:5   | Found a staircase to the Slime Pits.
 25975 | Lair:5   | Received a gift from Okawaru
 26310 | Lair:5   | Found a blossoming altar of Fedhas.
 26716 | Lair:6   | Entered Level 6 of the Lair of Beasts
 28065 | Lair:6   | Gained mutation: Your tail ends in a poisonous barb. [Green
                  | Draconian growth]
 28065 | Lair:6   | Reached XP level 14. HP: 89/127 MP: 7/26
 28227 | Lair:6   | Received a gift from Okawaru
 28263 | Lair:6   | Reached skill level 10 in Axes
 30035 | Orc:2    | Found a transporter.
 30079 | Orc:2    | Found a transporter.
 30181 | Orc:2    | Reached skill level 13 in Fighting
 30327 | Orc:2    | Found a staircase to the Elven Halls.
 30344 | Orc:2    | Found Raruirerch's Weapon Emporium.
 30395 | Orc:2    | Found a roughly hewn altar of Beogh.
 30399 | Orc:2    | Paralysed by an orc sorcerer for 2 turns
 31677 | Orc:2    | Found Hequpn's Distillery.
 31677 | Orc:2    | Found Huddiudgh's Weapon Emporium.
 31680 | Orc:2    | Found Baqin's Assorted Antiques.
 31680 | Orc:2    | Found Lamuuv's Armour Shoppe.
 31713 | Orc:2    | Bought the +0 mask of the Dragon {MR+ Slay+3 SInv} for 400
                  | gold pieces
 31713 | Orc:2    | Found the +0 mask of the Dragon {MR+ Slay+3 SInv}
 31725 | Orc:2    | Bought a potion of curing for 36 gold pieces
 31725 | Orc:2    | Bought a potion of curing for 36 gold pieces
 31725 | Orc:2    | Bought 2 potions of curing for 72 gold pieces
 31725 | Orc:2    | Bought 2 potions of mutation for 192 gold pieces
 31773 | Orc:2    | Bought a scroll of identify for 58 gold pieces
 31773 | Orc:2    | Bought a scroll of identify for 58 gold pieces
 31773 | Orc:2    | Bought a scroll of identify for 58 gold pieces
 32874 | D:12     | Reached skill level 10 in Dodging
 33276 | D:12     | Noticed a fire giant
 33287 | D:12     | Killed a fire giant
 33287 | D:12     | Received a gift from Okawaru
 33288 | D:12     | Got a shimmering shortbow {god gift}
 33415 | D:13     | Found a gate to the Vaults.
 33415 | D:13     | Noticed Rupert
 33782 | D:12     | Killed Rupert
 33782 | D:12     | Reached XP level 15. HP: 103/136 MP: 0/27
 34159 | D:13     | Received a gift from Okawaru
 34344 | D:13     | Identified 2 scrolls of acquirement
 34345 | D:13     | Acquired the Compendium of the Ancient Emperors
 34356 | D:13     | Learned a level 6 spell: Statue Form
 34456 | D:13     | Acquired 450 gold pieces
 34852 | D:13     | Found a portal to a secret trove of treasure.
 35146 | D:14     | Reached skill level 1 in Transmutations
 35146 | D:14     | Reached skill level 1 in Earth Magic
 36028 | D:15     | Entered Level 15 of the Dungeon
 36184 | D:15     | Reached skill level 14 in Fighting
 36992 | D:15     | Noticed Kirke
 36999 | D:15     | Killed Kirke
 37003 | D:15     | Noticed Nessos
 37008 | D:15     | Killed Nessos
 37415 | D:15     | Found a staircase to the Depths.
 37869 | Elf:1    | Entered Level 1 of the Elven Halls
 38002 | Elf:1    | Received a gift from Okawaru
 38401 | Elf:1    | Found Muydoul's Armour Shoppe.
 38486 | Elf:1    | Found Totud's Jewellery Emporium.
 38781 | Elf:1    | Bought a +4 ring of protection for 648 gold pieces
 38830 | Elf:1    | Reached XP level 16. HP: 125/147 MP: 28/28
 39134 | Elf:1    | Received a gift from Okawaru
 39406 | Elf:1    | Reached skill level 5 in Transmutations
 39416 | Elf:1    | Reached skill level 5 in Earth Magic
 40036 | Elf:2    | Found Itagohi's Assorted Antiques.
 40044 | Elf:2    | Found Peillirch's Book Boutique.
 40049 | Elf:2    | Found Lus Rig's Food Shop.
 40082 | Elf:2    | Found Kazuur's Gadget Shoppe.
 40141 | Elf:2    | Received a gift from Okawaru
 40156 | Elf:2    | Found Waacery's Antique Weapon Shoppe.
 41170 | Elf:2    | Found a huge runed translucent gate.
 41172 | Elf:2    | Found a huge runed translucent gate.
 41175 | Elf:2    | Found a huge runed translucent gate.
 41176 | Elf:2    | Found a huge runed translucent gate.
 41176 | Elf:2    | Found a huge runed translucent gate.
 41528 | Elf:2    | Reached skill level 15 in Fighting
 41590 | Elf:2    | HP: 4/149 [+0 scimitar of electrocution (15)]
 42750 | Elf:3    | Entered Level 3 of the Elven Halls
 43743 | Elf:3    | Noticed a deep elf blademaster
 43757 | Elf:3    | Received a gift from Okawaru
 44250 | Elf:3    | Killed a deep elf blademaster
 44460 | Elf:3    | Noticed a deep elf master archer
 44640 | Elf:3    | Reached XP level 17. HP: 146/156 MP: 20/29
 44655 | Elf:3    | Killed a deep elf master archer
 45131 | Elf:3    | Noticed a deep elf blademaster
 45161 | Elf:3    | Killed a deep elf blademaster
 45232 | Elf:3    | Killed from afar by a ghostly deep elf death mage

Illustrated notes

Levels and vault maps discovered:
D:1:      dpeg_arrival_windows_large_door, layout_basic, minmay_tetromino_l4
D:2:      layout_loops_ring, lemuel_coloured_pillars_altar, uniq_sigmund
D:3:      layout_loops_corners, first_ration, uniq_robin
D:4:      layout_layer_cave, eat_drink_and_be_merry_uskayaw,
          minmay_temple_entry_water_ring, serial_shops, kennysheep_mini_moat,
          serial_forest, infiniplex_forest_clump_small,
          infiniplex_forest_lined_corner, infiniplex_forest_lined_ring,
          infiniplex_forest_lined_room_, infiniplex_forest_clump_double
D:5:      layout_basic, chequers_temple_overflow_statue_of_worship,
          overflow_temple_1_default, uniq_edmund
D:6:      layout_cave_pods, nicolae_ru_path_of_blood, lemuel_tele_altar
D:7:      layout_cave_pools, uniq_prince_ribbit1, uniq_maggie
D:8:      layout_loops_corners, basic_altar, grunt_pizzeria,
          minmay_misc_feat_five, st_stairs_3, minmay_fountain_box,
          minmay_misc_feat_x, nemelex_dance_club_becter
D:9:      layout_basic, overflow_temple_1_default, basic_altar
D:10:     layout_loops_corners, minmay_lair_entry_grove,
          kennysheep_generic_room_15
D:11:     layout_basic, david_orc_3, serial_shops, shop, shop, shop
D:12:     minmay_octo_star, layout_basic
D:13:     layout_loops_ring, david_vaults_3, enter_trove_5
D:14:     layout_roguey, chequers_arboretum
D:15:     hangedman_depths_entry_try_elsewhere_first, layout_loops_ring,
          grunt_ministairs_13, uniq_nessos, uniq_kirke, uniq_rupert
Temple:   minmay_temple_curvy_branch
Lair:1:   layout_loops_ring, serial_bayou_lagoon_a, minivault_24, uniq_grum,
          uniq_gastronok
Lair:2:   layout_roguey, minmay_shoals_entry_centaurs, minmay_stone_trees_small,
          serial_bayou_pond_b, grunt_megastairs_4, lemuel_fruit_fields,
          infiniplex_staircase_pool_2, uniq_erica
Lair:3:   layout_hall_layers, chequers_serial_rivers_micro_e,
          chequers_serial_rivers_large_b, beast_lair_carwin_10,
          grunt_megastairs_5
Lair:4:   layout_gridlike, spider_nest_entry_a, minmay_lair_oklob_chamber,
          grunt_megastairs_3
Lair:5:   layout_layer_cave, minmay_slime_entry_jelly_boxes, tgw_fedhas
Lair:6:   hangedman_lair_caniforms_friends, layout_long_grid,
          hangedman_lair_tendril_chambers, chequers_serial_rivers_micro_a
Orc:1:    layout_diamond_mine, lightli_orcish_oven
Orc:2:    st_orc_mages, layout_diamond_mine, gammafunk_ghost_berserking_beasts,
          serial_shops, shop, basic_altar
Elf:1:    elf_arrival_001, layout_geoelf_octagon, serial_shops, shop,
          nicolae_shop_waterfront, evilmike_minifort
Elf:2:    layout_gridlike, serial_shops, shop, nicolae_shop_window_shopping,
          shop_fountains, nicolae_shop_trees, nicolae_shop_trees, drop_trap,
          minivault_11
Elf:3:    elf_hall, layout_geoelf_octagon

Skill      XL: |  1  2  3  4  5  6  7  8  9 10 11 12 13 14 15 16 17 |
---------------+----------------------------------------------------+-----
Charms         | 3 4 5 6 7 8 |  8.7
Fighting       | 3 4 6 7 8 10 11 12 13 14 15 | 15.5
Maces & Flails | 3 4 5 6 |  6.2
Dodging        | 3 4 5 6 7 8 10 | 10.7
Spellcasting   | 3 4 5 6 7 8 9 |  9.0
Axes           | 2 4 6 8 9 11 12 13 | 13.2
Shields        | 5 9 10 12 13 | 13.9
Transmutations | 4 7 |  7.4
Earth Magic    | 4 7 |  7.4

Action                   |  1- 3 |  4- 6 |  7- 9 | 10-12 | 13-15 | 16-18 || total
-------------------------+-------+-------+-------+-------+-------+-------++-------
Melee: Mace              |   141 |   226 |    54 |       |       |       ||   421
       Tailslap          |    19 |    23 |    48 |   106 |   181 |    52 ||   429
       Flail             |       |       |   255 |    62 |       |       ||   317
       Broad axe         |       |       |    82 |   719 |  1073 |   367 ||  2241
       Punch             |       |       |     1 |       |       |       ||     1
       Morningstar       |       |       |       |       |    22 |       ||    22
 Cast: Infusion          |     5 |     8 |    27 |    34 |    69 |    26 ||   169
       Shroud of Golubri |       |     2 |    10 |    16 |    44 |    27 ||    99
       Song of Slaying   |       |     1 |     9 |    20 |    26 |     4 ||    60
       Ozocubu's Armour  |       |       |     9 |     8 |    23 |       ||    40
       Spectral Weapon   |       |       |       |     2 |    39 |     8 ||    49
       Swiftness         |       |       |       |     1 |       |       ||     1
Invok: Heroism           |       |       |     2 |    11 |     4 |     3 ||    20
       Finesse           |       |       |       |     1 |       |       ||     1
 Abil: Breathe Noxious F |       |       |     3 |    19 |    10 |     7 ||    39
       Stop Flying       |       |       |       |       |     1 |       ||     1
       Evoke Flight      |       |       |       |       |     1 |       ||     1
Evoke: Wand              |       |       |       |     1 |       |     2 ||     3
  Use: Potion            |       |     1 |     1 |     6 |       |     4 ||    12
       Scroll            |       |       |    10 |    13 |    26 |     5 ||    54
 Stab: Sleeping          |     1 |       |       |     4 |    12 |     6 ||    23
       Confused          |       |       |     4 |     6 |     4 |     1 ||    15
       Distracted        |       |       |       |       |     4 |       ||     4
       Petrified         |       |       |       |       |     1 |       ||     1
  Eat: Chunk             |     3 |     9 |    19 |    20 |    46 |     7 ||   104
       Ration            |       |       |     1 |     7 |     4 |     4 ||    16
Armor: Skin              |    49 |    59 |   106 |   153 |   217 |    45 ||   629
Dodge: Dodged            |   144 |   196 |   263 |   470 |   534 |   126 ||  1733
Block: Other             |       |       |    61 |   100 |       |       ||   161
       Reflection        |       |       |     3 |    19 |    33 |    25 ||    80
       Kite shield       |       |       |       |   373 |  1137 |   257 ||  1767
